 Dungeon Crawl Stone Soup version 0.25.0-9-g26727b657a (webtiles) character file.

Game seed: 1408395557616523560

11227 Delamore the Basher (level 11, 0/69 HPs)
             Began as a Gargoyle Fighter on June 19, 2020.
             Was a High Priest of Okawaru.
             Slain by a sun demon (9 damage)
             ... summoned by an orc sorcerer
             ... on level 10 of the Dungeon.
             The game lasted 00:21:35 (15365 turns).

Delamore the Basher (Gargoyle Fighter)             Turns: 15365, Time: 00:21:35

Health: 0/69       AC: 26    Str: 21    XL:     11   Next: 74%
Magic:  11/11      EV:  9    Int: 12    God:    Okawaru [*****.]
Gold:   956        SH: 11    Dex:  9    Spells: 10/10 levels left

rFire    + . .     SeeInvis .   S - +1 demon blade (flame)
rCold    . . .     Gourm    .   c - +0 kite shield
rNeg     + . .     Faith    .   M - +4 ring mail "Forget-Me-Not" {Str+2 Int+4}
rPois    ∞         Spirit   .   z - +1 hat "Uniritt" {rF+ rCorr Str-5}
rElec    +         Reflect  .   N - +0 cloak
rCorr    +         Harm     .   b - +0 pair of gloves
MR       +....                  s - +2 pair of boots
Stlth    ..........             (no amulet)
HPRegen  0.21/turn              r - ring of flight
MPRegen  0.12/turn              (no ring)

@: no status effects
A: yellow scales 1, magic resistance 1, negative energy resistance 1, screaming
1, electricity resistance, unbreathing, petrification resistance, rot immunity,
AC +8
a: Heroism, Finesse, Renounce Religion, Evoke Flight


You were on level 10 of the Dungeon.
You worshipped Okawaru.
Okawaru was extremely pleased with you.
You were not hungry.

You visited 4 branches of the dungeon, and saw 13 of its levels.
You also visited: Sewer and Ossuary.

You collected 956 gold pieces.

Inventory:

Hand Weapons
 a - a +0 flail
 v - a +0 antimagic whip
 O - a cursed +2 flail
 S - a +1 demon blade of flaming (weapon)
Missiles
 e - 12 javelins
 H - 5 curare-tipped darts (quivered)
Armour
 b - a +0 pair of gloves (worn)
 c - a +0 kite shield (worn)
 s - a +2 pair of boots (worn)
 z - the +1 hat "Uniritt" (worn) {rF+ rCorr Str-5}
   (You found it in a sewer)

   It affects your strength (-5).
   It protects you from fire.
   It provides partial protection from all sources of acid and corrosion.
 M - the +4 ring mail "Forget-Me-Not" (worn) {Str+2 Int+4}
   (You found it on level 8 of the Dungeon)

   It affects your strength (+2).
   It affects your intelligence (+4).
 N - a +0 cloak (worn)
 T - a +3 scale mail of magic resistance
Jewellery
 r - a ring of flight (left hand)
 P - an uncursed ring of positive energy
Wands
 u - a wand of digging (9)
 D - a wand of acid (15)
 I - a wand of polymorph (2)
 L - a wand of enslavement (9)
Scrolls
 g - 9 scrolls of teleportation
 j - 6 scrolls of remove curse
 l - 2 scrolls of amnesia
 p - a scroll of enchant armour {unknown}
 t - 6 scrolls of blinking
 y - a scroll of fear {unknown}
 E - a scroll of enchant weapon {unknown}
 G - a scroll of vulnerability {unknown}
 J - a scroll of noise {unknown}
 K - a scroll of random uselessness {unknown}
 Q - a scroll of identify
Potions
 d - a potion of might
 i - 7 potions of curing
 k - 2 potions of stabbing
 m - 4 potions of resistance
 o - 3 potions of brilliance
 q - a potion of cancellation {unknown}
 w - a potion of lignification {unknown}
 x - 4 potions of degeneration {unknown}
 A - 2 potions of invisibility {unknown}
 B - 6 potions of flight
 C - a potion of mutation
 F - 2 potions of haste
Miscellaneous
 n - a box of beasts
Comestibles
 f - 27 rations


   Skills:
 + Level 8.6 Fighting
 - Level 14.6 Maces & Flails
 - Level 3.2 Armour
 + Level 8.6 Shields


You had 10 spell levels left.
You didn't know any spells.
Your spell library contained the following spells:

 Spells                   Type           Power        Failure   Level  Hunger
 Beastly Appendage        Tmut           #.....       77%         1    ##.....
 Foxfire                  Conj/Fire      #...         77%         1    ##.....
 Sticks to Snakes         Tmut           #.......     88%         2    ###....
 Conjure Flame            Conj/Fire      #.......     98%         3    ####...
 Inner Flame              Hex/Fire       #.......     98%         3    ####...
 Spider Form              Tmut/Pois      #.........   98%         3    ####...
 Ice Form                 Ice/Tmut       #.......     100%        4    #####..
 Sticky Flame             Conj/Fire      #.......     100%        4    #####..
 Blade Hands              Tmut           #.........   100%        5    ######.
 Fireball                 Conj/Fire      #.........   100%        5    ######.


Dungeon Overview and Level Annotations

Branches:
Dungeon (10/15)            Temple (1/1) D:4            Lair (1/6) D:8
    Orc (1/2) D:10          Sewer (visited)         Ossuary (visited)

Altars:
Ashenzari
Elyvilon
Fedhas
Kikubaaqudgha
Makhleb
Nemelex Xobeh
Okawaru
Qazlal
Ru
Trog
Uskayaw
Vehumet
Xom
Yredelemnul

Shops:
D:6 :


Innate Abilities, Weirdness & Mutations

You are resistant to torment.
Your stone body is resilient. (AC +8)
You are immune to poison.
You resist negative energy. (rN+)
You are resistant to electric shocks. (rElec)
You can survive without breathing.
You are immune to petrification.
You are immune to rotting.
You are partially covered in yellow scales. (AC +2)
You are resistant to hostile enchantments. (MR+)
You occasionally shout uncontrollably at your foes.


Message History

The ice devil hits you. The ice devil freezes you!!
You are too injured to fight recklessly!
You are too injured to fight recklessly!
You are too injured to fight recklessly!
You are too injured to fight recklessly!
You are too injured to fight recklessly!
You are too injured to fight recklessly!
You are too injured to fight recklessly!
You are too injured to fight recklessly!
You are too injured to fight recklessly!
You are too injured to fight recklessly!
You are too injured to fight recklessly!
You are too injured to fight recklessly!
You are too injured to fight recklessly!
You hit the orc sorcerer. You burn the orc sorcerer.
The orc sorcerer is almost dead.
The sun demon hits you!
* * * LOW HITPOINT WARNING * * *
You are engulfed in flames!
You resist.
You die...

#.....# #.......[...#
##'###### #.......[...#
#....).# ########)####
######'## #....#
#.......# ####.#######
#.......# #..........#
#.......# #..........#
#....[[4# #..........#
#....[@)####..........#
#.....3o[[##...........
#.......#..#..........#
#.......##)#..........#
#.......##............#
#####'######..........#
#..# #..........# ##.##
###.######## #..# #..#


You could see a sun demon (summoned), an ice devil (summoned) and an orc
sorcerer.

Vanquished Creatures
  An orc high priest (D:10)
  An ugly thing (D:7)
  Maggie (D:8)
  A troll (D:10)
  2 hippogriffs
  A hornet (D:9)
  2 wyverns
  6 yaks
  A hungry ghost (D:7)
  Menkaure (D:4)
  A soldier ant (D:9)
  A warg (D:10)
  3 water moccasins
  4 black bears
  11 orc warriors
  An eye of draining (D:5)
  3 ice beasts
  A sky beast (D:5)
  5 phantoms
  8 ogres
  3 centaurs
  3 big kobolds
  A gnoll sergeant (D:7)
  5 bullfrogs
  4 scorpions
  3 killer bees (D:10)
  5 wights (D:10)
  5 crimson imps
  4 bullfrog zombies
  A bullfrog skeleton (D:4)
  2 centaur zombies
  7 hounds
  A jelly (D:10)
  A quasit (D:6)
  11 orc priests
  16 orc wizards
  2 centaur skeletons
  Jessica (D:2)
  2 iguanas
  7 worker ants
  A big kobold zombie (Ossuary)
  2 hound skeletons (D:7)
  8 mummies (Ossuary)
  A worker ant zombie (D:8)
  5 gnolls (D:8)
  14 adders
  2 shadow imps
  5 oozes
  4 adder skeletons
  9 worms
  2 dart slugs
  9 leopard geckos
  58 orcs
  13 bats
  9 giant cockroaches
  4 gnoll zombies (Ossuary)
  7 goblins
  9 hobgoblins
  4 jackals (Sewer)
  17 kobolds
  3 quokkas
  4 ball pythons
  5 frilled lizards
  3 hobgoblin zombies (Ossuary)
  A jackal zombie (D:7)
  A leopard gecko skeleton (D:4)
  5 rats
344 creatures vanquished.

Vanquished Creatures (collateral kills)
  A two-headed ogre (D:9)
1 creature vanquished.

Vanquished Creatures (others)
  5 dream sheep (D:4)
5 creatures vanquished.

Grand Total: 350 creatures vanquished

Notes
Turn   | Place    | Note
-------+----------+-------------------------------------------
     0 | D:1      | Delamore the Gargoyle Fighter began the quest for the Orb.
     0 | D:1      | Reached XP level 1. HP: 14/14 MP: 1/1
   208 | D:1      | Reached XP level 2. HP: 19/19 MP: 2/2
   563 | D:1      | Reached skill level 3 in Maces & Flails
  1219 | D:2      | Reached XP level 3. HP: 19/23 MP: 3/3
  1840 | D:2      | Reached skill level 4 in Maces & Flails
  1967 | D:2      | Reached XP level 4. HP: 28/28 MP: 4/4
  2119 | D:2      | Noticed Jessica
  2127 | D:2      | Killed Jessica
  2411 | D:3      | Found a radiant altar of Vehumet.
  2456 | D:3      | Reached skill level 5 in Maces & Flails
  2509 | D:3      | Found an iron altar of Okawaru.
  2510 | D:3      | Found a sacrificial altar of Ru.
  2512 | D:3      | Found a white marble altar of Elyvilon.
  2518 | D:3      | Became a worshipper of Warmaster Okawaru
  2548 | D:3      | Reached XP level 5. HP: 32/32 MP: 5/5
  2953 | D:4      | Reached skill level 6 in Maces & Flails
  2953 | D:4      | Reached XP level 6. HP: 27/37 MP: 6/6
  3266 | D:4      | Reached skill level 7 in Maces & Flails
  3275 | D:4      | Found a staircase to the Ecumenical Temple.
  3388 | D:4      | Reached * piety under Okawaru
  3577 | D:4      | Found a burning altar of Makhleb.
  3577 | D:4      | Found a shattered altar of Ashenzari.
  3640 | D:4      | Noticed Menkaure
  3648 | D:4      | Reached XP level 7. HP: 37/41 MP: 7/7
  3653 | D:4      | Killed Menkaure
  3889 | D:4      | Noticed a dream sheep
  3889 | D:4      | Noticed a dream sheep
  3889 | D:4      | Noticed a dream sheep
  3889 | D:4      | Noticed a dream sheep
  3889 | D:4      | Noticed a dream sheep
  3889 | D:4      | Found a shimmering altar of Xom.
  3894 | D:4      | Killed a dream sheep
  3894 | D:4      | Killed a dream sheep
  3894 | D:4      | Killed a dream sheep
  3895 | D:4      | Killed a dream sheep
  3895 | D:4      | Killed a dream sheep
  4037 | D:4      | Reached skill level 8 in Maces & Flails
  4186 | D:4      | Noticed a yak
  4414 | D:4      | Reached skill level 9 in Maces & Flails
  4414 | D:4      | Reached XP level 8. HP: 46/46 MP: 8/8
  4426 | D:4      | HP: 1/46 [ogre/+0 giant spiked club (16)]
  4451 | D:4      | Gained mutation: You are partially covered in yellow
                  | scales. (AC +2) [potion of mutation]
  4451 | D:4      | Gained mutation: You are resistant to hostile enchantments.
                  | (MR+) [potion of mutation]
  4573 | D:4      | Killed a yak
  4573 | D:4      | Reached ** piety under Okawaru
  4733 | D:4      | Reached skill level 10 in Maces & Flails
  5242 | Temple   | Entered the Ecumenical Temple
  5267 | D:5      | Entered Level 5 of the Dungeon
  5397 | D:5      | Found a sand-covered staircase.
  5454 | Ossuary  | Entered an ossuary
  5488 | Ossuary  | Reached skill level 11 in Maces & Flails
  5555 | Ossuary  | Reached XP level 9. HP: 19/51 MP: 3/9
  5988 | D:5      | Found a glowing drain.
  5999 | Sewer    | Entered a sewer
  6301 | Sewer    | Got a scorched hat
  6307 | Sewer    | Identified the +1 hat "Uniritt" {rF+ rCorr Str-5} (You
                  | found it in a sewer)
  6767 | D:5      | Found a blossoming altar of Fedhas.
  6768 | D:5      | Found an ancient bone altar of Kikubaaqudgha.
  7359 | D:5      | Found a bloodstained altar of Trog.
  7727 | D:6      | Reached *** piety under Okawaru
  7795 | D:6      | Found Quyrphug's Book Shoppe.
  7863 | D:6      | Reached skill level 12 in Maces & Flails
  8372 | D:6      | Found a radiant altar of Vehumet.
  8493 | D:7      | Noticed a cyan ugly thing
  8947 | D:7      | Reached skill level 13 in Maces & Flails
  9072 | D:7      | Reached **** piety under Okawaru
  9288 | D:7      | Reached XP level 10. HP: 55/56 MP: 3/10
 10142 | D:7      | Killed a cyan ugly thing
 10142 | D:7      | Reached skill level 14 in Maces & Flails
 10452 | D:8      | Found a staircase to the Lair.
 10656 | D:8      | Got a smoking ring mail
 10711 | D:7      | Identified the +4 ring mail "Forget-Me-Not" {Str+2 Int+4}
                  | (You found it on level 8 of the Dungeon)
 11373 | D:8      | Found a blossoming altar of Fedhas.
 11465 | D:8      | Noticed Maggie
 11484 | D:8      | Killed Maggie
 11484 | D:8      | Reached ***** piety under Okawaru
 12177 | D:9      | Noticed a two-headed ogre
 12254 | Lair:1   | Entered Level 1 of the Lair of Beasts
 12666 | D:9      | Reached skill level 5 in Fighting
 12666 | D:9      | Reached skill level 5 in Shields
 12833 | D:9      | Reached XP level 11. HP: 59/64 MP: 11/11
 13049 | D:9      | Killed a two-headed ogre
 13240 | D:10     | Entered Level 10 of the Dungeon
 13588 | D:10     | Got a steaming long sword
 13589 | D:10     | Identified the cursed +1 long sword "Egg" {protect, *Contam
                  | +Inv rElec Int+4} (You found it on level 10 of the Dungeon)
 13617 | D:10     | Gained mutation: You occasionally shout uncontrollably at
                  | your foes. [mutagenic glow]
 13782 | D:10     | Received a gift from Okawaru
 14204 | D:10     | Found a staircase to the Orcish Mines.
 14632 | Orc:1    | Entered Level 1 of the Orcish Mines
 14914 | Orc:1    | Noticed an orc high priest
 14942 | D:10     | Killed an orc high priest
 15144 | Orc:1    | Noticed an orc sorcerer
 15353 | Orc:1    | Noticed an orc knight
 15362 | D:10     | Noticed a sun demon
 15365 | D:10     | Slain by a sun demon

Illustrated notes

Levels and vault maps discovered:
D:1:      lightli_arrival_maybe_door_vault, layout_basic
D:2:      layout_loops_ring, uniq_jessica
D:3:      layout_rooms, chequers_temple_overflow_statue_of_worship,
          fiery_altar_vehumet, first_ration
D:4:      minmay_clustersquares, layout_loops_ring,
          gammafunk_temple_overflow_pools, minmay_temple_entry_butterflies,
          kb_xom_exploding_sheep, uniq_menkaure
D:5:      layout_loops_cross, grunt_temple_overflow_growth_and_decay,
          nicolae_ossuary_entry_false_entrances, cheibrodos_sewer_entry_drain,
          trog_eyes_of_draining
D:6:      layout_layer_cave, basic_altar, serial_shops, shop
D:7:      hangedman_cross_stitches, layout_loops_corners
D:8:      layout_basic, lair_entry_dummy, basic_altar, uniq_maggie
D:9:      layout_rooms, hangedman_pestilent_swarm, nooodl_food_tri
D:10:     layout_roguey, orc_0_dummy
Temple:   cyrus_circular_temple
Lair:1:   layout_regular_city, ebering_ghost_inner_flame, serial_bayou_pond_e,
          beast_lair_carwin_9
Orc:1:    layout_caves, basic_altar

Skill      XL: |  1  2  3  4  5  6  7  8  9 10 11 |
---------------+----------------------------------+-----
Maces & Flails | 3 4 5 6 7 9 11 13 14 | 14.6
Fighting       | 5 8 |  8.6
Shields        | 5 8 |  8.6
Armour         | |  3.2

Action                   |  1- 3 |  4- 6 |  7- 9 | 10-12 || total
-------------------------+-------+-------+-------+-------++-------
Melee: Flail             |   118 |   174 |   149 |   187 ||   628
       Whip              |       |       |   818 |   983 ||  1801
       Unarmed           |       |       |    18 |       ||    18
       Demon blade       |       |       |       |   194 ||   194
Throw: Javelin           |       |     3 |    11 |     5 ||    19
       Dart              |       |       |       |     4 ||     4
Invok: Heroism           |       |       |       |     3 ||     3
 Abil: Evoke Flight      |       |       |     4 |       ||     4
Evoke: Wand              |       |       |       |     1 ||     1
       Box of beasts     |       |       |       |     1 ||     1
  Use: Scroll            |       |       |     7 |     3 ||    10
       Potion            |       |       |     5 |     6 ||    11
  Eat: Chunk             |     3 |     6 |    18 |    22 ||    49
       Ration            |       |       |     2 |       ||     2
Armor: Scale mail        |    58 |    76 |   359 |       ||   493
       Chain mail        |       |       |    31 |    91 ||   122
       Skin              |       |       |     3 |       ||     3
       Ring mail         |       |       |       |   446 ||   446
Dodge: Dodged            |    28 |    44 |   184 |   284 ||   540
Block: Kite shield       |    46 |    98 |   357 |   522 ||  1023
       Rpst.: Demon blade |       |       |       |    21 ||    21
